[Event "Titled Tuesday Blitz August 17 2021"]
[White "Koellner, Ruben Gideon"]
[Black "Seo, Jung Min"]
[WhiteFideId "12993093"]
[BlackFideId "1734687"]
[WhiteElo "2525"]
[BlackElo "2486"]
[Result "1-0"]
[Round "06"]
[TimeControl "180+1"]
[Date "2021.08.17"]
[WhiteClock "0:00:54"]
[BlackClock "0:01:19"]

1. d4 Nf6 2. Bg5 Ne4 3. Bf4 d5 4. e3 e6 5. Bd3 Bd6 6. Bxe4 dxe4 7. Nc3 Bxf4 8. exf4 Qd6 9. Qd2 Nc6 10. O-O-O f5 11. f3 exf3 12. Nxf3 O-O 13. Rhe1 Bd7 14. Ne5 Nxe5 15. Rxe5 Rae8 16. Rde1 a6 17. g3 Rd8 18. Qe3 c6 19. Na4 Bc8 20. c3 Rde8 21. Nb6 Rf6 22. Nxc8 Rxc8 23. Rxe6 Rxe6 24. Qxe6+ Qxe6 25. Rxe6 Kf7 26. Re5 g6 27. Kd2 Rc7 28. Kd3 Rc8 29. Kc4 b6 30. a4 a5 31. b4 axb4 32. Kxb4 Rb8 33. c4 Rc8 34. a5 bxa5+ 35. Rxa5 Rb8+ 36. Kc5 1-0


[Site "https://www.chess.com"]

[Event "Titled Tuesday Blitz August 17 2021"]
[White "Kononenko, Dmitry"]
[Black "Kostiukov, Alexandr"]
[WhiteFideId "14113538"]
[BlackFideId "14108100"]
[WhiteElo "2276"]
[BlackElo "2240"]
[Result "1-0"]
[Round "06"]
[TimeControl "180+1"]
[Date "2021.08.17"]
[WhiteClock "0:00:29"]
[BlackClock "0:00:15"]

1. d4 g6 2. e4 Bg7 3. f4 d6 4. Nf3 c5 5. d5 a6 6. a4 e6 7. dxe6 Bxe6 8. Nc3 Ne7 9. Bd3 O-O 10. O-O Nbc6 11. f5 Bc8 12. Ng5 Bd4+ 13. Kh1 f6 14. Bc4+ Kg7 15. Ne6+ Bxe6 16. Bxe6 g5 17. Qg4 Kh8 18. Qh3 Qe8 19. Be3 h5 20. Rae1 Kg7 21. Nd1 Bxe3 22. Qxe3 Ne5 23. Nf2 N7c6 24. c3 Ng4 25. Nxg4 hxg4 26. Rd1 Rd8 27. Rd5 Ne5 28. Rfd1 Qc6 29. b3 Rh8 30. Kg1 Rh6 31. Rxe5 fxe5 32. Qxg5+ Kh7 33. Qe7+ 1-0


[Site "https://www.chess.com"]

[Event "Titled Tuesday Blitz August 17 2021"]
[White "Koridze, Lile"]
[Black "Piesik, Piotr"]
[WhiteFideId "13612514"]
[BlackFideId "1136194"]
[WhiteElo "1978"]
[BlackElo "2395"]
[Result "0-1"]
[Round "06"]
[TimeControl "180+1"]
[Date "2021.08.17"]
[WhiteClock "0:01:52"]
[BlackClock "0:01:32"]

1. d4 c5 2. d5 e5 3. c4 d6 4. Nc3 Be7 5. e4 Bg5 6. Nf3 Bxc1 7. Rxc1 Ne7 8. Bd3 O-O 9. O-O h6 10. a3 Nd7 11. b4 cxb4 12. axb4 a5 13. Ra1 Qb6 14. Nb5 Nf6 15. Rxa5 Rxa5 16. bxa5 Qc5 17. Nd2 Bd7 18. Qb3 Ra8 19. Ra1 Ng4 20. Rf1 Bxb5 21. cxb5 Rxa5 22. h3 Nf6 23. Rb1 Nd7 24. Nc4 Ra8 25. Qb2 Nb6 26. Ne3 Qa3 27. Qc2 Rc8 28. Qe2 Rc3 29. Rb2 Rxd3 30. Ra2 Qc1+ 31. Kh2 Rc3 0-1


[Site "https://www.chess.com"]

[Event "Titled Tuesday Blitz August 17 2021"]
[White "Kravtsiv, Martyn"]
[Black "Tang, Andrew"]
[WhiteFideId "14113147"]
[BlackFideId "2059630"]
[WhiteElo "2680"]
[BlackElo "2588"]
[Result "0-1"]
[Round "06"]
[TimeControl "180+1"]
[Date "2021.08.17"]
[WhiteClock "0:00:02"]
[BlackClock "0:00:06"]

1. e4 e5 2. Bc4 Nc6 3. Nc3 Bc5 4. d3 d6 5. f4 Nf6 6. Nf3 a6 7. f5 b5 8. Bb3 Nd4 9. Bg5 h6 10. Bh4 c6 11. Qd2 a5 12. a4 b4 13. Ne2 Nxb3 14. cxb3 Qb6 15. Bxf6 gxf6 16. d4 exd4 17. Nexd4 Ba6 18. O-O-O O-O-O 19. Rhe1 Rde8 20. Kb1 Re7 21. Nc2 h5 22. Qf4 Rhe8 23. Ka2 Bf2 24. Qxd6 Bxe1 25. Ncxe1 Rxe4 26. Qxf6 Qc7 27. Nd3 Rd8 28. Rc1 Rd6 29. Qh8+ Rd8 30. Qf6 Bb7 31. Nc5 Ree8 32. Ng5 Rd5 33. Nxf7 Qe7 34. Qe6+ Qxe6 35. fxe6 Kc7 36. h3 Bc8 37. Ne4 Bxe6 38. Nfg5 Re5 39. Nf6 Rf8 40. Nfh7 Rf2 0-1


[Site "https://www.chess.com"]

[Event "Titled Tuesday Blitz August 17 2021"]
[White "Krishnakumar, Sriram"]
[Black "Giroyan, Gary"]
[WhiteFideId "30915856"]
[BlackFideId "680281"]
[WhiteElo "2372"]
[BlackElo "2420"]
[Result "0-1"]
[Round "06"]
[TimeControl "180+1"]
[Date "2021.08.17"]
[WhiteClock "0:00:14"]
[BlackClock "0:00:38"]

1. e4 c5 2. Nf3 d6 3. Bb5+ Nc6 4. O-O Bd7 5. c3 Nf6 6. Re1 a6 7. Bf1 Bg4 8. h3 Bxf3 9. Qxf3 e5 10. a4 Be7 11. Bc4 O-O 12. d3 Rb8 13. Bg5 b5 14. axb5 axb5 15. Bb3 c4 16. dxc4 Na5 17. Bc2 bxc4 18. Ra2 Rb5 19. Na3 Rb6 20. Qe2 Qc7 21. Ba4 Rfb8 22. Rb1 Nxe4 23. Qxe4 Bxg5 24. Nb5 Rxb5 25. Bxb5 Rxb5 26. Qa8+ Bd8 27. Rba1 Nc6 28. Ra6 Nb8 29. Ra7 Qc8 30. Qf3 Bf6 31. Ra8 h6 32. R1a7 Rxb2 33. Qd5 Qf5 34. Rb7 Qb1+ 35. Kh2 Rxb7 0-1


[Site "https://www.chess.com"]

[Event "Titled Tuesday Blitz August 17 2021"]
[White "Lamard, Guillaume"]
[Black "Hambleton, Aman"]
[WhiteFideId "600261"]
[BlackFideId "2606577"]
[WhiteElo "2387"]
[BlackElo "2552"]
[Result "0-1"]
[Round "06"]
[TimeControl "180+1"]
[Date "2021.08.17"]
[WhiteClock "0:00:07"]
[BlackClock "0:00:05"]

1. Nf3 d5 2. e3 c6 3. c4 Nf6 4. Nc3 Bg4 5. cxd5 cxd5 6. Qb3 Bc8 7. d4 Nc6 8. Bd3 e6 9. O-O Bd6 10. e4 dxe4 11. Nxe4 Nxe4 12. Bxe4 O-O 13. Bg5 Nxd4 14. Bxh7+ Kh8 15. Nxd4 Qxg5 16. Be4 Qh4 17. Qh3 Qxh3 18. gxh3 Rb8 19. Nb5 Be5 20. Rad1 a6 21. Nc3 Bf6 22. Bg2 Rd8 23. Ne4 Be7 24. Rc1 Kg8 25. Rc7 Kf8 26. Rfc1 Bd7 27. Nc5 Bc8 28. Nxb7 Bxb7 29. Rxb7 Rxb7 30. Bxb7 Rb8 31. Bxa6 Rxb2 32. Rc8+ Bd8 33. Rxd8+ Ke7 34. Rd1 Rxa2 35. Bf1 Kf6 36. Kg2 Ra5 37. Rd3 Rg5+ 38. Rg3 Ra5 39. Be2 Ra2 40. Re3 Rb2 41. Kg3 Rb4 42. h4 Ke7 43. h5 Kf6 44. Bf3 Rb5 45. Rc3 Rg5+ 46. Bg4 Ra5 47. h4 Ra7 48. Bf3 Ke5 49. Rb3 Kf6 50. Rb8 Ra3 51. Rf8 Ra1 52. Kf4 Ra4+ 53. Be4 Ke7 54. Ra8 Rb4 55. Ke3 f5 56. Bf3 Rxh4 57. Ra6 Rh3 58. Ke2 Rh4 59. Kf1 Rf4 60. Kg2 Rd4 61. Ra7+ Kf6 62. Ra8 Rd6 63. Rf8+ Ke7 64. Rg8 Kf7 65. Ra8 Rb6 66. Ra4 Kf6 67. Ra7 Rb4 68. Rb7 Rd4 69. Rb6 Kf7 70. Be2 Re4 71. Bf3 Rd4 72. Kg3 Ke7 73. Be2 Re4 74. Bf3 Rd4 75. Ra6 Kf7 76. Bd1 Rxd1 77. Kf4 Kf6 78. Kg3 Rh1 0-1


[Site "https://www.chess.com"]

[Event "Titled Tuesday Blitz August 17 2021"]
[White "Lamotte Tavares, Patrick"]
[Black "Gunduz, Umut Erdem"]
[WhiteFideId "5120950"]
[BlackFideId "6381383"]
[WhiteElo "1915"]
[BlackElo "2096"]
[Result "1-0"]
[Round "06"]
[TimeControl "180+1"]
[Date "2021.08.18"]
[WhiteClock "0:00:08"]
[BlackClock "0:00:04"]

1. Nf3 Nf6 2. c4 c5 3. g3 g6 4. Bg2 Bg7 5. O-O O-O 6. Nc3 Nc6 7. d3 d5 8. a3 d4 9. Na4 Nd7 10. Rb1 a5 11. e3 e5 12. exd4 exd4 13. Bf4 Re8 14. Qd2 Ra7 15. Rfe1 b6 16. Rxe8+ Qxe8 17. Re1 Qf8 18. h4 Bb7 19. h5 Ra8 20. Bh3 f5 21. hxg6 hxg6 22. Nh4 Kh7 23. Nf3 Re8 24. Ng5+ Kh8 25. Ne6 Qf7 26. Nxg7 Rxe1+ 27. Qxe1 Kxg7 28. Bg2 Qf6 29. Bd5 g5 30. Bc7 f4 31. g4 Kf8 32. Qe4 Ne7 33. Bxb7 Qf7 34. Bd6 Nf6 35. Bxe7+ Qxe7 36. Qxe7+ Kxe7 37. f3 Nd7 38. Bc6 1-0


[Site "https://www.chess.com"]

[Event "Titled Tuesday Blitz August 17 2021"]
[White "Laurusas, Tomas"]
[Black "Zakaryan_David"]
[WhiteFideId "12803731"]
[WhiteElo "2542"]
[BlackElo "2556"]
[Result "0-1"]
[Round "06"]
[TimeControl "180+1"]
[Date "2021.08.17"]
[WhiteClock "0:00:14"]
[BlackClock "0:00:54"]

1. Nf3 c5 2. d3 Nc6 3. Nbd2 g6 4. e4 Bg7 5. Be2 d6 6. O-O e5 7. c3 Nge7 8. a3 a5 9. a4 O-O 10. Nc4 Be6 11. Re1 Rb8 12. Na3 Qd7 13. Nd2 d5 14. Nb5 d4 15. Nc4 Bxc4 16. dxc4 f5 17. Bf3 Rbd8 18. Bd2 h5 19. exf5 gxf5 20. Bxh5 e4 21. Bf4 Qe6 22. Qe2 d3 23. Qe3 Qxc4 24. f3 Nd5 25. Qd2 Nxf4 26. Qxf4 d2 27. Red1 Qd3 28. fxe4 fxe4 29. Qg4 Qe3+ 30. Kh1 Qh6 31. Nc7 Ne5 32. Qe6+ Qxe6 33. Nxe6 e3 34. Nxd8 Rxd8 35. Rab1 Nd3 36. Kg1 Nf2 37. Rf1 Rf8 38. Bf3 Rxf3 39. gxf3 Nd3 40. Rfd1 Bh6 41. Kf1 Nf4 42. Kg1 Kf7 43. h4 Kf6 44. b4 Ne2+ 45. Kg2 Nxc3 46. bxa5 Nxd1 47. Rxb7 e2 0-1


[Site "https://www.chess.com"]

[Event "Titled Tuesday Blitz August 17 2021"]
[White "Le, Tuan Minh"]
[Black "Dang, Hoang Son"]
[WhiteFideId "12401153"]
[BlackFideId "12402435"]
[WhiteElo "2450"]
[BlackElo "2248"]
[Result "1-0"]
[Round "06"]
[TimeControl "180+1"]
[Date "2021.08.17"]
[WhiteClock "0:00:16"]
[BlackClock "0:00:13"]

1. d4 Nf6 2. Nf3 g6 3. Bg5 Bg7 4. Nbd2 d5 5. c3 h6 6. Bh4 O-O 7. e3 c6 8. Bd3 Nbd7 9. O-O Re8 10. e4 dxe4 11. Nxe4 Nxe4 12. Bxe4 Qb6 13. Qd2 Nf6 14. Bd3 c5 15. dxc5 Qxc5 16. Bxf6 exf6 17. Rfe1 Be6 18. Bc2 f5 19. Bb3 Bxb3 20. axb3 Rad8 21. Qc2 a6 22. h3 Bf6 23. Re2 Kg7 24. Rae1 Rxe2 25. Qxe2 Qd5 26. b4 Qd3 27. Qxd3 Rxd3 28. Kf1 Rd5 29. Ke2 a5 30. bxa5 Rxa5 31. Kd3 g5 32. Nd2 h5 33. Nc4 Rd5+ 34. Kc2 g4 35. Rd1 Rc5 36. Nd6 Kg6 37. Nxb7 Re5 38. Nd6 f4 39. hxg4 hxg4 40. Nc4 Rh5 41. Kd3 Rd5+ 42. Ke2 f3+ 43. gxf3 gxf3+ 44. Ke1 Rh5 45. Rd3 Rh1+ 46. Kd2 Bg5+ 47. Kc2 Rc1+ 48. Kb3 Rf1 49. Rxf3 Bh4 50. Ne5+ Kg5 51. Rxf7 Kh5 52. Rh7+ Kg5 53. Nf3+ 1-0


[Site "https://www.chess.com"]

[Event "Titled Tuesday Blitz August 17 2021"]
[White "Leitao, Rafael"]
[Black "Serikbay, Assel"]
[WhiteFideId "2101246"]
[BlackFideId "13706799"]
[WhiteElo "2609"]
[BlackElo "2044"]
[Result "1-0"]
[Round "06"]
[TimeControl "180+1"]
[Date "2021.08.18"]
[WhiteClock "0:00:19"]
[BlackClock "0:00:03"]

1. e4 c5 2. Nf3 e6 3. d4 cxd4 4. Nxd4 a6 5. Bd3 Nf6 6. O-O d6 7. Qe2 g6 8. c4 Bg7 9. Nc3 O-O 10. Be3 Nbd7 11. f4 Re8 12. Kh1 b6 13. Rad1 Bb7 14. Bb1 Qc7 15. Nf3 Rac8 16. Bd3 Nc5 17. e5 dxe5 18. fxe5 Ng4 19. Bf4 Bxf3 20. gxf3 Nxe5 21. Bb1 Rcd8 22. Rde1 Ncd7 23. b3 b5 24. Ne4 bxc4 25. Rc1 Qa5 26. bxc4 Nc6 27. Nd6 Rf8 28. Nb7 Nd4 29. Qg2 Qh5 30. Nxd8 Rxd8 31. Qg5 Qxg5 32. Bxg5 f6 33. Be3 Nf5 34. Bf2 Ne5 35. Bxf5 gxf5 36. Rfd1 Rxd1+ 37. Rxd1 Nxc4 38. Rd7 Ne5 39. Ra7 Nxf3 40. Rxa6 e5 41. a4 e4 42. a5 f4 43. Kg2 Ne5 44. Rb6 Nc4 45. Rb5 e3 46. a6 exf2 47. a7 Nd6 48. a8=Q+ Kf7 49. Qd5+ Kg6 50. Qxd6 1-0


[Site "https://www.chess.com"]

[Event "Titled Tuesday Blitz August 17 2021"]
[White "Levitskiy, Andrey"]
[Black "Ivanisevic, Ivan"]
[WhiteFideId "14132885"]
[BlackFideId "912417"]
[WhiteElo "2340"]
[BlackElo "2499"]
[Result "0-1"]
[Round "06"]
[TimeControl "180+1"]
[Date "2021.08.17"]
[WhiteClock "0:00:01"]
[BlackClock "0:00:43"]

1. e4 e5 2. Nf3 d6 3. d4 exd4 4. Nxd4 Nf6 5. Nc3 Be7 6. Be2 O-O 7. Bf4 Nc6 8. Qd2 Nxd4 9. Qxd4 Be6 10. O-O-O Nd7 11. f3 Bf6 12. Qd2 b5 13. Nd5 Bxd5 14. exd5 Nc5 15. Be3 Re8 16. Bxc5 dxc5 17. Bxb5 Bxb2+ 18. Kxb2 Rb8 19. a4 a6 20. Rhe1 axb5 21. a5 b4 22. d6 Rxe1 23. Rxe1 cxd6 24. Qd5 Qxa5 25. Ra1 Qb6 26. Re1 Qc7 27. Rd1 Rd8 28. Ra1 h6 29. Ra6 Qe7 30. Rc6 Qf6+ 31. Kb1 Re8 0-1


[Site "https://www.chess.com"]

[Event "Titled Tuesday Blitz August 17 2021"]
[White "Lintchevski, Daniil"]
[Black "Maze, Sebastien"]
[WhiteFideId "4171055"]
[BlackFideId "613762"]
[WhiteElo "2494"]
[BlackElo "2462"]
[Result "0-1"]
[Round "06"]
[TimeControl "180+1"]
[Date "2021.08.17"]
[WhiteClock "0:00:06"]
[BlackClock "0:00:09"]

1. e4 c5 2. c3 d6 3. d4 Nf6 4. Bd3 Nc6 5. Nf3 Bg4 6. d5 Bxf3 7. Qxf3 Ne5 8. Bb5+ Ned7 9. Bf4 a6 10. Bd3 g6 11. a4 Bg7 12. Qe2 O-O 13. O-O Re8 14. Na3 e6 15. dxe6 Rxe6 16. Qc2 d5 17. exd5 Nxd5 18. Bg3 Ne5 19. Be2 Qe8 20. Rad1 Ne7 21. Nc4 Nf5 22. Bxe5 Bxe5 23. Bg4 b5 24. Bxf5 gxf5 25. axb5 axb5 26. Ne3 f4 27. Nf5 Rd8 28. Rde1 Bc7 29. Qb1 Rd5 30. Nh4 Qd7 31. Nf3 b4 32. h4 h6 33. cxb4 cxb4 34. Qc2 Bb6 35. Qc4 Rxe1 36. Rxe1 Rd1 37. Qxf4 Rxe1+ 38. Nxe1 b3 39. Qb8+ Qd8 40. Qg3+ Kf8 41. Qxb3 Qe7 42. Nf3 Bc5 43. Qc4 Qd6 44. Qe2 Qb6 45. g3 Qb3 46. Kg2 Be7 47. Qd2 Kg7 48. Qd4+ Bf6 49. Qg4+ Kf8 50. Qf4 Kg7 51. Nd4 Qxb2 52. Nf5+ Kg6 53. Ne3 Qb7+ 54. Kg1 Qe7 55. Qf5+ Kg7 56. Qg4+ Kh7 57. Qf5+ Kg7 58. Nd5 Qe6 59. Qxf6+ Qxf6 60. Nxf6 Kxf6 61. Kg2 h5 62. Kf3 Kf5 63. Ke3 Kg4 64. Ke2 f5 65. Kf1 Kf3 66. Kg1 f4 67. Kh2 fxg3+ 68. fxg3 Kf2 69. g4 hxg4 70. h5 g3+ 71. Kh3 g2 0-1


[Site "https://www.chess.com"]

[Event "Titled Tuesday Blitz August 17 2021"]
[White "Loy, Konstantin"]
[Black "Dinu, Dumitru-Daniel"]
[WhiteFideId "14122499"]
[BlackFideId "1208403"]
[WhiteElo "2084"]
[BlackElo "2240"]
[Result "1-0"]
[Round "06"]
[TimeControl "180+1"]
[Date "2021.08.18"]
[WhiteClock "0:00:07"]
[BlackClock "0:00:09"]

1. e4 c5 2. Nf3 g6 3. d4 cxd4 4. Nxd4 Nc6 5. Nc3 Bg7 6. Be3 Nf6 7. Bc4 O-O 8. Bb3 d5 9. exd5 Na5 10. O-O Nxb3 11. Nxb3 b5 12. d6 exd6 13. Nxb5 Ba6 14. a4 Re8 15. Bd4 Qd7 16. Re1 Rxe1+ 17. Qxe1 Bxb5 18. axb5 Qxb5 19. Rxa7 Re8 20. Re7 Rc8 21. Re2 Nh5 22. Bxg7 Kxg7 23. g3 Nf6 24. Qd2 Kg8 25. Qd3 Qxd3 26. cxd3 Nd5 27. Nd4 Nb4 28. Rd2 Kg7 29. Kg2 Kf6 30. f4 Ke7 31. Kf3 f5 32. h3 Rc1 33. g4 Rf1+ 34. Kg2 Rxf4 35. Ne2 Nd5 36. Nxf4 Nxf4+ 37. Kg3 g5 38. gxf5 Kf6 39. b4 Kxf5 40. b5 Nd5 41. Rf2+ Ke6 42. Rc2 Kd7 43. Ra2 Nb6 44. Ra7+ Ke6 45. Rxh7 Kd5 46. Rh6 Kc5 47. Kg4 1-0


[Site "https://www.chess.com"]

[Event "Titled Tuesday Blitz August 17 2021"]
[White "Maghsoodloo, Parham"]
[Black "Wagner, Dennis"]
[WhiteFideId "12539929"]
[BlackFideId "24650684"]
[WhiteElo "2601"]
[BlackElo "2355"]
[Result "0-1"]
[Round "06"]
[TimeControl "180+1"]
[Date "2021.08.17"]
[WhiteClock "0:00:31"]
[BlackClock "0:00:39"]

1. d4 Nf6 2. c4 e6 3. Nf3 d5 4. g3 Bb4+ 5. Bd2 Be7 6. Bg2 O-O 7. O-O Nbd7 8. Qc2 c6 9. Rc1 h6 10. a4 a5 11. Be1 Re8 12. Nbd2 b6 13. e4 dxe4 14. Nxe4 Bb7 15. Ne5 Qc7 16. Bc3 Nxe5 17. dxe5 Nxe4 18. Qxe4 Rab8 19. Bd2 c5 20. Qg4 Qxe5 21. Bf4 Qd4 22. Qe2 Bxg2 23. Bxb8 Ba8 24. Rd1 Qf6 25. Be5 Qf5 26. f4 f6 27. Bc3 Bf8 28. Rf1 h5 29. Rad1 h4 30. g4 Qg6 31. h3 Qf7 32. Kh2 Qb7 33. Rd2 Qc6 34. b3 Bd6 35. g5 Bxf4+ 36. Kg1 Qh1+ 37. Kf2 Bg3+ 38. Ke3 Qe4# 0-1


[Site "https://www.chess.com"]

[Event "Titled Tuesday Blitz August 17 2021"]
[White "Maiorov, Nikita"]
[Black "Kanyamarala, Trisha"]
[WhiteFideId "13501720"]
[BlackFideId "45004722"]
[WhiteElo "2440"]
[BlackElo "2074"]
[Result "0-1"]
[Round "06"]
[TimeControl "180+1"]
[Date "2021.08.17"]
[WhiteClock "0:00:01"]
[BlackClock "0:00:05"]

1. d4 Nf6 2. c4 e6 3. Nc3 Bb4 4. f3 d5 5. a3 Bxc3+ 6. bxc3 c5 7. cxd5 Nxd5 8. dxc5 Qa5 9. e4 Nf6 10. Be3 O-O 11. Qb3 Na6 12. a4 Nd7 13. Bxa6 bxa6 14. Qa3 Ne5 15. Bd4 Nd3+ 16. Kd2 Nf4 17. g3 Ng6 18. Ne2 Rd8 19. Ke1 e5 20. Be3 Be6 21. Kf2 Ne7 22. Rhd1 Nc6 23. Rd6 Qc7 24. Rad1 Rdb8 25. Nc1 Na5 26. Rxe6 fxe6 27. Ne2 Nc4 28. Qa2 Nxe3 29. Qxe6+ Kh8 30. Rd3 Nc2 31. c6 Rc8 32. Kg1 h6 33. Kh1 Re8 34. Qd7 Rac8 35. Rd6 Ne3 36. Rg6 Rg8 37. Qe6 Rce8 38. Qd7 Qxd7 39. cxd7 Re7 40. Rd6 Rd8 41. Rd3 Nc4 42. Rd5 Rexd7 43. Rc5 Nb6 44. a5 Nc8 45. Rxe5 Nd6 46. Rd5 Nc4 47. Rc5 Ne3 48. Kg1 Rd1+ 49. Kf2 Nc2 50. f4 Re1 51. e5 Rd2 0-1


[Site "https://www.chess.com"]

[Event "Titled Tuesday Blitz August 17 2021"]
[White "Martin Carmona, Gaston Manuel"]
[Black "Rosenberg, Evan S"]
[WhiteFideId "22284567"]
[BlackFideId "2019299"]
[WhiteElo "2161"]
[BlackElo "2275"]
[Result "0-1"]
[Round "06"]
[TimeControl "180+1"]
[Date "2021.08.18"]
[WhiteClock "0:00:42"]
[BlackClock "0:00:04"]

1. e4 c6 2. d4 d5 3. Nd2 dxe4 4. Nxe4 Nf6 5. Nxf6+ exf6 6. c3 Bd6 7. Bd3 O-O 8. Qc2 Re8+ 9. Ne2 h5 10. Be3 h4 11. O-O-O Qa5 12. Kb1 Be6 13. c4 b5 14. d5 Bg4 15. c5 Be5 16. Bh7+ Kh8 17. Bf5 Bxf5 18. Qxf5 g6 19. Qg4 Qa4 20. Bd4 Kg7 21. Qxh4 Na6 22. Nc3 Qc4 23. g3 b4 24. Bxe5 Qxh4 25. gxh4 fxe5 26. Ne4 cxd5 27. Rxd5 Rad8 28. Rhd1 Rxd5 29. Rxd5 f5 30. Rd7+ Kh6 31. Ng5 Kh5 32. Rh7+ Kg4 33. f3+ Kf4 34. Rxa7 Nxc5 35. Rc7 Nd3 36. Rc4+ e4 37. fxe4 fxe4 38. a4 Kf5 39. Kc2 Ne1+ 40. Kd1 Nf3 41. Nh3 Rd8+ 42. Ke2 Rd2+ 43. Ke3 Rxb2 44. Nf2 Rb3+ 45. Ke2 Rb2+ 46. Kf1 Nd2+ 47. Kg1 Nxc4 0-1


[Site "https://www.chess.com"]

[Event "Titled Tuesday Blitz August 17 2021"]
[White "Martin, Lewis"]
[Black "Politov, Pavel Y."]
[WhiteFideId "410551"]
[BlackFideId "24110515"]
[WhiteElo "2145"]
[BlackElo "2090"]
[Result "0-1"]
[Round "06"]
[TimeControl "180+1"]
[Date "2021.08.18"]
[WhiteClock "0:00:08"]
[BlackClock "0:00:05"]

1. e4 c5 2. Nf3 e6 3. d4 cxd4 4. Nxd4 a6 5. Nc3 Qc7 6. g3 Nf6 7. Bg2 Nc6 8. Nde2 Be7 9. O-O O-O 10. h3 b5 11. a3 Bb7 12. g4 d6 13. Ng3 Rac8 14. f4 b4 15. axb4 Nxb4 16. g5 Nd7 17. f5 d5 18. Nh5 dxe4 19. Nxe4 exf5 20. Qd4 Bc5 21. Nxc5 Qxc5 22. Qxc5 Nxc5 23. Bxb7 Nxb7 24. c3 Nd3 25. Rxa6 Nbc5 26. Ra7 Nxc1 27. Rxc1 Nd3 28. Rb1 Rfe8 29. Ng3 f4 30. Nf5 Rb8 31. b4 f3 32. Rf1 f2+ 33. Kg2 Re5 34. Ra5 Re1 35. Rxf2 Nxf2 36. Kxf2 Rc1 37. Rc5 Rd8 38. Nd4 h6 39. gxh6 gxh6 40. Ke3 Rh1 41. Rh5 Kg7 42. Kd3 Kg6 43. Rh4 f5 44. Kc4 Kg5 45. Nf3+ Kg6 46. Rf4 Rxh3 47. Kb5 Re8 48. c4 Re4 49. Rxe4 fxe4 50. Nd4 e3 51. c5 Rh4 52. Ne2 Rh2 53. Nf4+ Kf5 54. Nd3 Rd2 55. Ne1 e2 56. c6 Ke6 57. Kb6 Kd6 58. Kb7 Rd1 59. Nf3 e1=Q 60. Nxe1 Rxe1 61. b5 Rc1 62. Ka7 Rxc6 63. bxc6 Kxc6 0-1


[Site "https://www.chess.com"]

[Event "Titled Tuesday Blitz August 17 2021"]
[White "Martins, Vinicius Tine"]
[Black "Vlassov, Nikolai"]
[WhiteFideId "2112884"]
[BlackFideId "4103360"]
[WhiteElo "2373"]
[BlackElo "2407"]
[Result "0-1"]
[Round "06"]
[TimeControl "180+1"]
[Date "2021.08.17"]
[WhiteClock "0:00:01"]
[BlackClock "0:00:17"]

1. d4 Nf6 2. c4 Nc6 3. Nf3 e6 4. d5 exd5 5. cxd5 Bb4+ 6. Nc3 Ne7 7. Bd2 Bxc3 8. Bxc3 Nexd5 9. Bd4 O-O 10. e3 d6 11. Bc4 Nb6 12. Bb3 Bg4 13. h3 Bh5 14. O-O c5 15. Bc3 Ne4 16. Ba5 Qf6 17. g4 Bg6 18. Nd2 Ng5 19. f4 Nxh3+ 20. Kg2 Qh4 21. Qf3 Ng5 22. fxg5 Qxg5 23. Qf4 Qe7 24. Bxb6 axb6 25. Bd5 Rae8 26. Rae1 b5 27. Nf3 Bd3 28. Rf2 b4 29. Ng5 Bg6 30. e4 b5 31. Ref1 h6 32. Nxf7 Bxf7 33. Bxf7+ Kh8 34. Qf5 Qxe4+ 35. Qxe4 Rxe4 36. Bg6 Rxg4+ 37. Kh3 Rxf2 38. Rxf2 Rxg6 39. Rf8+ Kh7 40. Rb8 Re6 41. Rxb5 Re2 42. Kg4 Rxb2 43. Kf5 Rxa2 44. Ke6 Rd2 45. Rb7 h5 46. Kf5 h4 47. Kg4 Rd4+ 48. Kh5 h3 49. Kg5 h2 0-1


[Site "https://www.chess.com"]

[Event "Titled Tuesday Blitz August 17 2021"]
[White "Matinian, Nikita"]
[Black "Mogirzan, Matei-Valeriu"]
[WhiteFideId "24129100"]
[BlackFideId "1257455"]
[WhiteElo "2410"]
[BlackElo "1733"]
[Result "1-0"]
[Round "06"]
[TimeControl "180+1"]
[Date "2021.08.17"]
[WhiteClock "0:00:45"]
[BlackClock "0:00:02"]

1. e4 e5 2. Nf3 Nf6 3. Nxe5 Nc6 4. Nxc6 dxc6 5. Nc3 Bc5 6. d4 Bxd4 7. Be3 Bxc3+ 8. bxc3 Qxd1+ 9. Rxd1 Nxe4 10. c4 Be6 11. Bd3 Nd6 12. c5 Nf5 13. Bf4 O-O-O 14. O-O Nd4 15. Rfe1 Rhe8 16. Be5 f6 17. Bxd4 Rxd4 18. Bxh7 Rxd1 19. Rxd1 Bxa2 20. Bf5+ Be6 21. Bg6 Rd8 22. Re1 Bc4 23. h4 b6 24. Re7 a5 25. Rxg7 a4 26. Bf5+ Kb8 27. cxb6 cxb6 28. Rg3 Rh8 29. Rh3 b5 30. h5 Bd5 31. h6 b4 32. c4 Bxc4 33. Rh4 Bb5 34. h7 b3 35. Rg4 a3 36. Rg8+ Kb7 37. Rxh8 a2 38. Rb8+ Ka6 39. Ra8+ Kb7 40. h8=Q b2 41. Qb8# 1-0


[Site "https://www.chess.com"]

[Event "Titled Tuesday Blitz August 17 2021"]
[White "Matveeva, Olga"]
[Black "Klabis, Rokas"]
[WhiteFideId "24107018"]
[BlackFideId "12805246"]
[WhiteElo "2108"]
[BlackElo "2275"]
[Result "0-1"]
[Round "06"]
[TimeControl "180+1"]
[Date "2021.08.18"]
[WhiteClock "0:00:01"]
[BlackClock "0:00:21"]

1. d4 Nf6 2. c4 e5 3. dxe5 Ng4 4. Nf3 Bc5 5. e3 Nc6 6. Be2 Ngxe5 7. Nxe5 Nxe5 8. O-O a5 9. Nc3 Ra6 10. f4 Ng6 11. Kh1 O-O 12. e4 Re8 13. Bd3 Qh4 14. Nd5 Ne7 15. Nxc7 Rh6 16. h3 d5 17. Qf3 dxe4 18. Bxe4 Rd8 19. f5 Rh5 20. f6 Nf5 21. Bf4 g5 22. Bh2 Nd4 23. Qc3 g4 24. Bg3 Qg5 25. Bf4 Qxf6 26. Bh2 Qe7 27. Nd5 Rdxd5 28. Bxd5 gxh3 29. Bxf7+ Qxf7 30. Rxf7 hxg2+ 31. Kxg2 Kxf7 32. Rf1+ Bf5 33. Qg3 h6 34. Qc7+ Be7 35. Bd6 Rg5+ 36. Kf2 Nc6 37. Bxe7 Nxe7 38. Re1 Be6 39. c5 Rf5+ 40. Ke2 Kf6 41. Kd2 Nd5 0-1


[Site "https://www.chess.com"]

[Event "Titled Tuesday Blitz August 17 2021"]
[White "Mikhnenko, Alexander"]
[Black "Florescu, Codrut-Constantin"]
[WhiteFideId "34143014"]
[BlackFideId "1202200"]
[WhiteElo "2135"]
[BlackElo "2243"]
[Result "1-0"]
[Round "06"]
[TimeControl "180+1"]
[Date "2021.08.18"]
[WhiteClock "0:00:06"]
[BlackClock "0:00:06"]

1. d4 Nf6 2. Bg5 e6 3. Nd2 h6 4. Bh4 d5 5. e3 c5 6. dxc5 Bxc5 7. Ngf3 Nc6 8. a3 O-O 9. b4 Be7 10. b5 Nb8 11. c4 Nbd7 12. Bd3 Nc5 13. Be2 b6 14. O-O Bb7 15. cxd5 Nxd5 16. Bxe7 Qxe7 17. Nc4 Nc3 18. Qc2 Nxe2+ 19. Qxe2 Rad8 20. a4 Be4 21. Rfc1 Nb3 22. Nd4 Nxc1 23. Rxc1 Rc8 24. Re1 Bd5 25. Ne5 Qa3 26. Nec6 Bxc6 27. Nxc6 Rc7 28. Qc2 Rd7 29. h3 Kh8 30. e4 Qd6 31. Qc4 Ra8 32. Re3 Rc8 33. Rg3 f6 34. Kh2 a6 35. Qc3 axb5 36. axb5 e5 37. Qc4 Ra8 38. Qe2 Ra1 39. Qh5 Qf8 40. Rg6 Rdd1 41. Kg3 Qa3+ 42. f3 Qf8 43. Qf5 Rd2 44. Kh4 Raa2 45. g4 Rd3 46. Kh5 Raa3 47. h4 Rxf3 48. Qe6 Rfd3 49. Ne7 Ra7 50. Rxh6+ gxh6 51. Ng6+ Kg7 52. Nxf8 Kxf8 53. Qxf6+ Rf7 54. Qh8+ Ke7 55. Qxe5+ Kd7 56. Kg6 Re7 57. Qh8 Rd6+ 58. Kh5 Rxe4 59. g5 hxg5 60. hxg5 Rd5 61. Qg7+ Re7 62. Qf6 Ree5 63. Qc6+ Ke7 64. Qc7+ Ke6 65. Qc6+ Ke7 66. Qc7+ Ke6 67. Qxb6+ Rd6 68. Qb7 Kf5 69. Qc8+ Ke4 70. Qg4+ Kd5 71. Qf3+ Kc5 72. b6 Kxb6 73. Qf2+ Kc6 74. Qc2+ Rc5 75. Qg2+ Rdd5 76. Kh6 Kc7 77. g6 Rd6 78. Kh7 Rcc6 79. g7 Rh6+ 80. Kg8 Kb6 81. Qf2+ Kc7 82. Kf7 Rh7 83. Kf8 Rg6 84. Qf4+ Kd7 85. Qf5+ Re6 86. Qxh7 Kd8 87. Kf7 Re7+ 88. Kf6 Kd7 89. g8=Q Rxh7 90. Qxh7+ Kd6 91. Qe7+ 1-0


[Site "https://www.chess.com"]